 Dungeon Crawl Stone Soup version 0.30.0-5-g1a98f26d00 (webtiles) character file.

Game seed: 13812404676447846013

473 Jackthecabe the Purveyor of Pain (level 7, -6/37 HPs)
             Began as a Vine Stalker Fire Elementalist on May 9, 2023.
             Was an Initiate of Kikubaaqudgha.
             Shot with an arrow by a centaur (12 damage)
             ... on level 6 of the Dungeon.
             The game lasted 00:07:13 (5139 turns).

Jackthecabe the Purveyor of Pain (VSFE)             Turns: 5139, Time: 00:07:14

Health: -6/37      AC:  3    Str: 11    XL:     7   Next: 10%
Magic:  0/12       EV: 12    Int: 17    God:    Kikubaaqudgha [......]
Gold:   323        SH:  0    Dex: 14    Spells: 9/12 levels left

rFire   . . .        g - +1 whip (venom)
rCold   . . .        (no shield)
rNeg    . . .        a - +0 robe
rPois   .            p - +0 helmet
rElec   .            (no cloak)
rCorr   .            (no gloves)
SInv    .            (no boots)
Will    .....        (no amulet)
Stlth   ++           (no ring)
HPRegen 1.06/turn    (no ring)
MPRegen 0.13/turn

%: guardian spirit
@: very slightly contaminated
A: fangs 2, regeneration 1, magic shield, antimagic bite, no potion heal 2
a: Renounce Religion


You were on level 6 of the Dungeon.
You worshipped Kikubaaqudgha.
Kikubaaqudgha was noncommittal.
You visited 2 branches of the dungeon, and saw 7 of its levels.

You collected 323 gold pieces.


Innate Abilities, Weirdness & Mutations

You have extremely sharp teeth.
Your natural rate of healing is unusually fast.
When hurt, damage is shared between your health and your magic reserves.
Your bite disrupts and absorbs the magic of your enemies.
Potions cannot restore your health.


   Skills:
 - Level 4.0 Fighting
 - Level 1.5 Dodging
 - Level 2.4 Stealth
 - Level 3.0 Spellcasting
 - Level 1.0 Conjurations
 + Level 4.1 Necromancy
 - Level 4.0 Fire Magic


You had 9 spell levels left.
You knew the following spells:

 Your Spells              Type           Power      Damage    Failure   Level
f - Foxfire               Conj/Fire      44%        2x1d6     6%          1
X - Scorch                Fire           32%        2d6       4%          2

Your spell library contained the following spells:

 Spells                   Type           Power      Damage    Failure   Level
 Beastly Appendage        Tmut           4%         N/A       17%         1
 Inner Flame              Hex/Fire       9%         N/A       22%         3
 Volatile Blastmotes      Fire/Tloc      18%        2d11      22%         3
 Blink                    Tloc           4%         N/A       26%         2
 Wereblood                Tmut           2%         N/A       26%         2
 Spider Form              Tmut/Pois      2%         N/A       45%         3
 Flame Wave               Conj/Fire      11%        2d6       52%         4
 Manifold Assault         Tloc           2%         N/A       86%         4
 Storm Form               Tmut/Air       1%         N/A       100%        7

Inventory:

Hand Weapons
 g - a +1 whip of venom (weapon)
Missiles
 c - 2 throwing nets {=f}
Armour
 a - a +0 robe (worn)
 p - a +0 helmet (worn)
Magical Staves
 n - a staff of cold {!a}
Wands
 x - a wand of flame (24)
Scrolls
 d - a scroll of silence {unknown}
 f - 6 scrolls of teleportation {unknown}
 h - 5 scrolls of identify {unknown}
 i - 2 scrolls of noise {unknown}
 k - 2 scrolls of poison {unknown}
 m - 2 scrolls of brand weapon {unknown}
 o - a scroll of immolation {unknown}
 r - a scroll of amnesia {unknown}
 s - a scroll of blinking {unknown}
 u - a scroll of torment {unknown}
 w - a scroll of enchant armour {unknown}
Potions
 b - 2 potions of magic
 e - 2 potions of haste {unknown}
 j - 2 potions of might {unknown}
 l - 2 potions of degeneration {unknown}
 q - a potion of heal wounds {unknown}
 t - 3 potions of flight {unknown}
 v - a potion of brilliance {unknown}
 z - a potion of invisibility {unknown}

Dungeon Overview and Level Annotations

Branches:
Dungeon (6/15)             Temple (1/1) D:4

Altars:
Ashenzari
Cheibriados
Dithmenos
Elyvilon
Fedhas
Gozag
Hepliaklqana
Kikubaaqudgha
Makhleb
Nemelex Xobeh
Okawaru
Qazlal
Ru
Uskayaw
Vehumet
Wu Jian
Xom
Yredelemnul
Zin
The Shining One

... ....
##..#. ......
####......
##.......#
#.#...ll.<.#
#....@..†..#
##.........#
#.....9...#
#..sc.......
............#
.###........##
. #..........
.........#.


You could see a gargoyle, a centaur (combustible), a scorpion and 2 iguanas.


Message History

Casting: Foxfire (safe; 6% risk of failure)
Confirm with . or Enter, or press ? or * to list all spells.
Flames lash the centaur.
The centaur is severely wounded.
The centaur's fire resistance burns away.
The foxfire hits the centaur.
The centaur is burned terribly!
The centaur is almost dead.
The foxfire hits the iguana.
The iguana is lightly wounded.
The centaur wields a +0 shortbow.
The centaur shoots an arrow.
The arrow barely misses you.
Unknown command.
You miscast Foxfire.
You are very lightly contaminated with residual magic.
Nothing appears to happen.
The centaur shoots an arrow.
The arrow hits you!
The centaur shoots an arrow.
The arrow completely misses you.
The gargoyle hurls a stone arrow at you.
The stone arrow misses you.
Casting: Foxfire (safe; 6% risk of failure)
Confirm with . or Enter, or press ? or * to list all spells.
Flames lash the gargoyle but do no damage.
The centaur shoots an arrow.
The arrow hits you!
* * * LOW HITPOINT WARNING * * *
Unknown command.
Unknown command.
The centaur shoots an arrow.
The arrow hits you!
* * * LOW HITPOINT WARNING * * *
The centaur shoots an arrow.
The arrow hits you!
You die...
Kikubaaqudgha rasps: "You have failed me!
Welcome... death!"

Skill      XL: |  1  2  3  4  5  6  7 |
---------------+----------------------+-----
Spellcasting   | 3 |  3.0
Fire Magic     | 4 |  4.0
Fighting       | 1 3 4 |  4.0
Necromancy     | 1 3 4 |  4.1
Dodging        | |  1.5
Stealth        | |  2.4
Conjurations   | |  1.0

Action                     |  1- 3 |  4- 6 |  7- 9 || total
---------------------------+-------+-------+-------++-------
  Melee: Unarmed           |    12 |       |       ||    12
         Bite              |     9 |    17 |       ||    26
         Whip              |    33 |    63 |       ||    96
         Punch             |       |     1 |       ||     1
   Cast: Foxfire           |    49 |    54 |     5 ||   108
         Scorch            |       |     6 |     3 ||     9
   Stab: Sleeping          |     3 |     1 |       ||     4
 Armour: Robe              |     9 |     9 |       ||    18
  Dodge: Dodged            |    24 |    49 |     3 ||    76

Levels and vault maps discovered:
D:1:      onia_arrival_zoo_common, layout_loops_corners
D:2:      layout_basic, ebering_dispersal_statue_hall
D:3:      wad_lake_hut, layout_basic, amcnicky_altar_gilded, minmay_rat_hole,
          uniq_jessica
D:4:      layout_gridville, vehumet_altar_wand_db,
          minmay_temple_entry_butterflies, minmay_misc_feat_enclosed,
          nrook_loot_triangle
D:5:      layout_gridville
D:6:      layout_rooms, trog_ov_bears_minmay
Temple:   regret_index_temple_mists

Notes
Turn   | Place    | Note
-------+----------+-------------------------------------------
     0 | D:1      | Jackthecabe the Vine Stalker Fire Elementalist began the
                  | quest for the Orb.
     0 | D:1      | Reached XP level 1. HP: 9/9 MP: 4/4
     6 | D:1      | Noticed an iguana
     6 | D:1      | Noticed a lindwurm
     6 | D:1      | Noticed a rime drake
     7 | D:1      | Noticed a black bear
     7 | D:1      | Noticed a salamander
   289 | D:1      | Reached XP level 2. HP: 3/13 MP: 2/6
   844 | D:1      | Reached XP level 3. HP: 16/16 MP: 8/8
   889 | D:1      | Reached skill level 3 in Spellcasting
  1143 | D:2      | Learned a level 2 spell: Scorch
  1878 | D:3      | Found a glowing silver altar of Zin.
  2040 | D:3      | Reached skill level 4 in Fire Magic
  2292 | D:3      | Reached skill level 1 in Fighting
  2308 | D:3      | Noticed Jessica
  2314 | D:3      | Killed Jessica
  2315 | D:3      | Gained mutation: Your natural rate of healing is unusually
                  | fast. [Vine Stalker growth]
  2315 | D:3      | Reached XP level 4. HP: 22/23 MP: 5/9
  2355 | D:3      | Reached skill level 2 in Fighting
  3403 | D:4      | Found a staircase to the Ecumenical Temple.
  3424 | Temple   | Entered the Ecumenical Temple
  3621 | Temple   | Became a worshipper of Kikubaaqudgha
  3637 | D:4      | Found a radiant altar of Vehumet.
  3857 | D:4      | Reached skill level 3 in Fighting
  3857 | D:4      | Reached XP level 5. HP: 15/28 MP: 3/10
  4010 | D:5      | Entered Level 5 of the Dungeon
  4321 | D:5      | Noticed a phantom
  4327 | D:5      | Killed a phantom
  4328 | D:5      | Reached skill level 4 in Fighting
  4328 | D:5      | Reached skill level 1 in Necromancy
  4328 | D:5      | Reached XP level 6. HP: 33/33 MP: 2/11
  4480 | D:5      | Reached skill level 2 in Necromancy
  4608 | D:5      | Noticed a black bear
  4965 | D:5      | Killed a black bear
  4966 | D:5      | Reached skill level 3 in Necromancy
  4966 | D:5      | Reached XP level 7. HP: 32/37 MP: 6/12
  5132 | D:6      | Reached skill level 4 in Necromancy
  5132 | D:6      | Noticed a gargoyle
  5139 | D:6      | Shot with an arrow by a centaur

Vanquished Creatures
  A black bear (D:5)
  A phantom (D:5)
  A jelly (D:5)
  A hound (D:5)
  A sleepcap (D:5)
  Jessica (D:3)
  3 iguanas
  A gnoll (D:1)
  An ufetubus (D:5)
  19 orcs
  2 bats
  3 endoplasms
  2 giant cockroaches
  6 goblins
  8 hobgoblins
  4 jackals (D:1)
  A quokka (D:3)
  4 ball pythons
  5 frilled lizards
  4 kobolds
  19 rats
88 creatures vanquished.

Vanquished Creatures (others)
  180 foxfires
180 creatures vanquished.

Grand Total: 268 creatures vanquished

Table legend: (Time is in decaauts)
 A = Elapsed time spent in this place.
 B = Non-inter-level travel time spent in this place.
 C = Inter-level travel time spent in this place.
 D = Time resting spent in this place.
 E = Time spent auto-exploring this place.
 F = Levels seen in this place.
 G = Mean time per level.
                   A        B        C        D        E       F      G
               +--------+--------+--------+--------+--------+-----+--------+
         Total |   5240 |   4897 |    343 |     78 |   4220 |   7 |  748.6 |
       Dungeon |   4975 |   4679 |    296 |     78 |   4024 |   6 |  829.2 |
        Temple |    264 |    217 |     47 |      0 |    195 |   1 |  264.0 |
               +--------+--------+--------+--------+--------+-----+--------+

Top non-repeatable levels by time:
     D:1: 1073 daAuts
     D:3: 1048 daAuts
     D:5: 1047 daAuts
     D:4: 1010 daAuts
     D:2: 785 daAuts
  Temple: 264 daAuts
     D:6: 10 daAuts

Table legend:
 A = Non-vault XP
 B = Vault XP
 C = Vault XP percentage of total XP
 D = Non-vault monster count
 E = Vault monster count
 F = Vault count percentage of total count
                 A         B        C        D         E       F
            +---------+---------+-------+---------+---------+-------
      Total |     618 |      59 |   8.7 |      67 |      21 |  23.9
            +---------+---------+-------+---------+---------+-------
        D:1 |      38 |       0 |   0.0 |      16 |       0 |   0.0
        D:2 |      15 |       0 |   0.0 |       9 |       0 |   0.0
        D:3 |      41 |      57 |  58.2 |      17 |      20 |  54.1
        D:4 |      47 |       2 |   4.1 |       7 |       1 |  12.5
        D:5 |     441 |       0 |   0.0 |      17 |       0 |   0.0
        D:6 |      36 |       0 |   0.0 |       1 |       0 |   0.0
            +---------+---------+-------+---------+---------+-------
